 Dungeon Crawl Stone Soup version 0.18-a0-1120-g03bd624 (webtiles) character file.

42 Chiseanne the Skirmisher (level 3, 0/31 HPs)
             Began as a Centaur Air Elementalist on Jan 17, 2016.
             Slain by a giant cockroach (1 damage)
             ... on level 1 of the Dungeon.
             The game lasted 00:02:26 (2139 turns).

Chiseanne the Skirmisher (Centaur Air Elementalist) Turns: 2139, Time: 00:02:26

Health: 0/31       AC:  4    Str: 10    XL:     3   Next: 35%
Magic:  0/5        EV:  9    Int: 15    God:
Gold:   30         SH:  0    Dex:  9    Spells: 1 memorised, 4 levels left

rFire  . . .     SeeInvis .     g - +0 short sword
rCold  . . .     Gourm    .     a - +0 robe
rNeg   . . .     Faith    .     (no shield)
rPois  .         Spirit   .     (no helmet)
rElec  .         Dismiss  .     (no cloak)
rCorr  .         Reflect  .     (no gloves)
SustAt .         Harm     .     (no barding)
MR     .....                    (no amulet)
Stlth  +.........               (no ring)
                                (no ring)

@: very slightly contaminated, very quick, not resistant to hostile
enchantments, very unstealthy
A: hooves 3, deformed body, speed 2, tough skin 3
a: no special abilities


You were on level 1 of the Dungeon.
You were very hungry.

You visited 1 branch of the dungeon, and saw 2 of its levels.

You collected 30 gold pieces.

Inventory:

Hand Weapons
 g - a +0 short sword (weapon)
Missiles
 d - 22 sling bullets
 f - 11 arrows
Armour
 a - a +0 robe (worn)
Scrolls
 h - a scroll of remove curse
Books
 b - a book of Air

   Spells                             Type                      Level
   a - Shock                          Conjuration/Air              1
   b - Swiftness                      Charms/Air                   2
   c - Repel Missiles                 Charms/Air                   2
   d - Static Discharge               Conjuration/Air              3
   e - Lightning Bolt                 Conjuration/Air              5
Comestibles
 c - a bread ration
 i - a slice of pizza


   Skills:
 + Level 3.1 Fighting
 - Level 1.3 Dodging
 - Level 1.2 Stealth
 - Level 1.5 Spellcasting
 - Level 0.8 Conjurations
 - Level 2.6 Air Magic


You had 4 spell levels left.
You knew the following spells:

 Your Spells              Type           Power        Failure   Level  Hunger
a - Shock                 Conj/Air       #...         12%         1    ##.....


Dungeon Overview and Level Annotations

Branches:
Dungeon (2/15)

Altars:


Innate Abilities, Weirdness & Mutations

You have hooves in place of feet.
Armour fits poorly on your strangely shaped body.
You cover ground very quickly.
You have extremely tough skin (AC +3).


Message History

The giant cockroach is severely wounded.
The giant cockroach barely misses you.
You closely miss the giant cockroach.
The giant cockroach is heavily wounded.
The giant cockroach closely misses you. The giant cockroach barely misses you.
You closely miss the giant cockroach.
You kick the giant cockroach, but do no damage.
The giant cockroach is moderately wounded.
The giant cockroach bites you.
* * * LOW HITPOINT WARNING * * *
You hit the giant cockroach. Your kick misses the giant cockroach.
The giant cockroach is heavily wounded.
The giant cockroach bites you.
* * * LOW HITPOINT WARNING * * *
You hit the giant cockroach but do no damage.
The giant cockroach is heavily wounded.
The giant cockroach bites you.
* * * LOW HITPOINT WARNING * * *
The giant cockroach bites you.
You die...

########.......# #......#
###......#.#####.# #.####.#
.......#.#.# #.# #.####.#######
..#.##.#.#.#####.# #.##..........
....##........##.# #.##.#.######.
..#.####.#.##.##.###.##.#.# ##
.##.# #.#........##......# #
.##.####.#..#.##..#####.### #
.##......#......@.# #.#
+##########.#.###s# #.# # ..##
#.#.###.# #.# ## ...## ##.......#
#.## ##. ....## ##.##.##### #..##
##..
.....####...#.#########...####...
.....+.......................'...
.....#..###.#########.#....###...
†...##.##≈#.#≈## #.#..#.# ##†.


You could see a giant cockroach.

Vanquished Creatures
  An adder (D:2)
  An ooze (D:1)
  A giant gecko (D:1)
  5 bats
  4 giant cockroaches
  3 goblins
  A hobgoblin (D:1)
  5 giant newts
  7 kobolds
  2 rats
30 creatures vanquished.

Vanquished Creatures (others)
  4 toadstools (D:1)
4 creatures vanquished.

Grand Total: 34 creatures vanquished

Notes
Turn   | Place    | Note
--------------------------------------------------------------
     0 | D:1      | Chiseanne the Centaur Air Elementalist began the quest for the Orb.
     0 | D:1      | Reached XP level 1. HP: 14/14 MP: 3/3
   176 | D:1      | Reached skill level 1 in Fighting
   467 | D:1      | Reached XP level 2. HP: 17/23 MP: 4/4
  1574 | D:2      | Reached XP level 3. HP: 30/30 MP: 5/5
  2078 | D:2      | Reached skill level 3 in Fighting
  2092 | D:2      | HP: 1/31 [gnoll/halberd (10)]
  2139 | D:1      | HP: 1/31 [giant cockroach (1)]
  2139 | D:1      | Slain by a giant cockroach

Vault maps used:
D:1:      ldierk_walled_garden_2
D:2:      lemuel_coloured_pillars_altar, kiku_gazebo_garden_becter,
          makhleb_heckhound_becter, first_bread, kennysheep_generic_room_10

Action                   || total
-------------------------++-------
Melee: Club              ||    39
       Unarmed           ||    14
       Short sword       ||    81
 Cast: Shock             ||     9
  Use: Scroll            ||     2
  Eat: Chunk             ||     2
